 Dungeon Crawl Stone Soup version 0.29.1-2-gbd0b4ee654 (webtiles) character file.

Game seed: 2134247448612534466

345 qeuew the Ducker (level 6, -5/48 HPs)
             Began as a Merfolk Gladiator on Nov 9, 2022.
             Killed from afar by Dowan (18 damage)
             ... with a shard of ice
             ... on level 4 of the Dungeon.
             The game lasted 00:05:06 (4116 turns).

qeuew the Ducker (Merfolk Gladiator)                Turns: 4116, Time: 00:05:07

Health: -5/48      AC:  7    Str: 15    XL:     6   Next: 58%
Magic:  6/6        EV: 17    Int:  7    God:
Gold:   194        SH:  5    Dex: 17    Spells: 5/5 levels left

rFire   . . .      SeeInvis +   a - +1 trident
rCold   . . .      Faith    .   (no shield)
rNeg    . . .      Spirit   .   j - +0 ring mail
rPois   .          Reflect  +   c - +0 helmet
rElec   .          Harm     .   (no cloak)
rCorr   .          Rampage  .   l - +0 pair of gloves
Will    .....                   (no boots)
Stlth   +.........              b - amulet of reflection
HPRegen 0.16/turn               h - +4 ring of evasion
MPRegen 0.10/turn               n - ring of see invisible

@: no status effects
A: (nimble swimmer 2), mertail, wild magic 1
a: no special abilities


You were on level 4 of the Dungeon.
You visited 1 branch of the dungeon, and saw 4 of its levels.

You collected 194 gold pieces.

Inventory:

Hand Weapons
 a - a +1 trident (weapon)
Missiles
 e - a javelin (quivered)
Armour
 c - a +0 helmet (worn)
 j - a +0 ring mail (worn)
 l - a +0 pair of gloves (worn)
Jewellery
 b - an amulet of reflection (around neck)
 h - a +4 ring of evasion (left hand)
 n - a ring of see invisible (right hand)
Wands
 f - a wand of iceblast (22)
 k - a wand of flame (6)
 r - a wand of mindburst (5)
Scrolls
 m - a scroll of torment {unknown}
 o - a scroll of immolation {unknown}
 s - a scroll of blinking {unknown}
Potions
 g - 2 potions of haste


   Skills:
 + Level 3.7 Fighting
 + Level 5.5 Polearms
 + Level 3.4 Throwing
 + Level 2.0 Armour
 + Level 5.5 Dodging


You had 5 spell levels left.
You didn't know any spells.
Your spell library contained the following spells:

 Spells                   Type           Power      Damage    Failure   Level
 Magic Dart               Conj           0%         1d3       73%         1
 Searing Ray              Conj           0%         2d4       86%         2
 Fulminant Prism          Conj/Hex       0%         3d6       100%        4


Dungeon Overview and Level Annotations

Branches:
Dungeon (4/15)
 Temple: D:4-7

Altars:
Elyvilon
Qazlal

Shops:
D:1 [*!?

Annotations:
D:4 Dowan


Innate Abilities, Weirdness & Mutations

((You are very nimble when in or above water. (Stealth+, EV+, Speed+++)))
Your lower body shifts to a powerful aquatic tail in water.
Your spells are a little harder to cast, but a little more powerful.


Message History

You hit Duvessa.
You kill Duvessa!
Dowan's eyes darken. "You have made a black mistake."
Dowan says, "Her death will not be in vain!"
Your Armour skill increases to level 2!
Dowan misses you.
Things that are here:
a +0 short sword; a +3 ring mail; the elf corpse of Duvessa You barely miss Dowan.
You block Dowan's attack.
You closely miss Dowan. Dowan completely misses you.
You miss Dowan.
You flicker for a moment.
Dowan closely misses you. Dowan gestures at you while chanting.
The stone arrow misses you.
You catch the helpless Dowan completely off-guard!
You hit Dowan.
Dowan is moderately wounded.
Dowan misses you.
You hit Dowan but do no damage.
Dowan is moderately wounded.
Dowan hits you with a +0 dagger.
* * * LOW HITPOINT WARNING * * *
You barely miss Dowan.
Dowan is moderately wounded.
Dowan gestures at you while chanting. The shard of ice misses you.
You miss Dowan.
Dowan is moderately wounded.
Dowan hits you with a +0 dagger.
* * * LOW HITPOINT WARNING * * *
It was a potion of mutation.
You feel extremely strange.
You feel less in control of your magic. Dowan misses you.
You feel better.
You flicker back into view.
Dowan seems to find hidden reserves of power!
Dowan casts a spell at you. The shard of ice hits you!!
You die...

...._#.#...
....##.....
...8####... # #...
### #.#) ..# #.#)
#.# ###.#) #e#
#...#. #@# #.#.#.
#.# #...#.
#.############.##.
#..............##.
#############..##.
#..##. #..##.
#######..##.
#...........


You could see Dowan (fast).

Vanquished Creatures
  Duvessa (D:4)
  A necrophage (D:4)
  2 orc wizards (D:4)
  5 adders
  2 worms
  7 orcs
  4 ball pythons
  6 bats
  7 endoplasms
  2 giant cockroaches
  7 goblins
  4 hobgoblins
  10 jackals
  4 quokkas
  4 frilled lizards
  7 kobolds
  2 rats (D:2)
75 creatures vanquished.

Vanquished Creatures (others)
  A quokka (D:4)
1 creature vanquished.

Grand Total: 76 creatures vanquished

Notes
Turn   | Place    | Note
-------+----------+-------------------------------------------
     0 | D:1      | qeuew the Merfolk Gladiator began the quest for the Orb.
     0 | D:1      | Reached XP level 1. HP: 16/16 MP: 1/1
    22 | D:1      | Found Ythruaw's General Store.
   103 | D:1      | Found Kejetuon's Magic Scroll Boutique.
   229 | D:1      | Found Rabior's Distillery.
   267 | D:1      | Found a faded altar of an unknown god.
   321 | D:1      | Reached XP level 2. HP: 23/23 MP: 2/2
   357 | D:1      | Found Ompirch's Armour Boutique.
   385 | D:1      | HP: 1/23 [goblin/+0 club (3)]
  1558 | D:2      | Reached XP level 3. HP: 28/28 MP: 3/3
  1989 | D:2      | Reached XP level 4. HP: 34/34 MP: 4/4
  2120 | D:2      | Reached skill level 1 in Armour
  3653 | D:4      | Found a stormy altar of Qazlal.
  3657 | D:4      | Reached XP level 5. HP: 41/41 MP: 5/5
  3668 | D:4      | Reached skill level 5 in Polearms
  3674 | D:4      | Reached skill level 5 in Dodging
  3892 | D:4      | Reached XP level 6. HP: 42/47 MP: 6/6
  3929 | D:4      | Found a white marble altar of Elyvilon.
  4066 | D:4      | Noticed Duvessa
  4067 | D:4      | Noticed Dowan
  4106 | D:4      | Killed Duvessa
  4115 | D:4      | Gained mutation: Your spells are a little harder to cast,
                  | but a little more powerful. [potion of mutation]
  4116 | D:4      | Killed from afar by Dowan

Illustrated notes

Levels and vault maps discovered:
D:1:      ebering_hopf_link, layout_basic, shapermc_ecumenical_altar_pompeii,
          serial_shops, nicolae_shop_behind_doors, nicolae_shop_trees, shop,
          shop_statue, chequers_serial_rivers_micro_c, minmay_tetromino_l4
D:2:      layout_loops_cross, kennysheep_generic_room_2
D:3:      layout_loops_cross, chequers_serial_rivers_large_a
D:4:      layout_loops_ring, elyvilon_altar_4, nicolae_overflow_hidden_temple,
          uniq_duvessa

Skill      XL: |  1  2  3  4  5  6 |
---------------+-------------------+-----
Armour         | 1 2 |  2.0
Fighting       | 3 |  3.7
Polearms       | 5 |  5.5
Dodging        | 5 |  5.5
Throwing       | 3 |  3.4

Action                   |  1- 3 |  4- 6 || total
-------------------------+-------+-------++-------
Melee: Trident           |    86 |   188 ||   274
       Punch             |       |     3 ||     3
Throw: Throwing net      |       |     3 ||     3
  Use: Scroll            |     2 |     5 ||     7
       Potion            |     2 |     6 ||     8
 Stab: Held in net/web   |       |     2 ||     2
       Invisible         |       |     1 ||     1
Armor: Leather armour    |    10 |       ||    10
       Ring mail         |    10 |    40 ||    50
Dodge: Dodged            |    58 |   113 ||   171
Block: Other             |       |    16 ||    16
